Map: Prion Terraces

Players

Chris (MCanning) - Winner!

  • Race: Protoss Protoss

lightis

  • Race: Protoss Protoss

VOD

Have the link to the VOD?

Description

Time

  • Played on: Nov. 10, 2015, 11:25 p.m.
  • Length: 5:21
Show
View Real Time Build Order
Export as new Build Order

Chris Protoss - Winner!

Build Orders: 1 Gate Expand 

Get SALT Encoding   

  12  0:01  Probe (Chrono Boost)  
  13  0:12  Probe (Chrono Boost)  
  14  0:18  Pylon  
  14  0:22  Probe (Chrono Boost)  
  15  0:36  Probe (Chrono Boost)  
  15  0:38  Gateway  
  16  0:46  Probe (Chrono Boost)  
  17  0:57  Probe (Chrono Boost), Assimilator  
  18  1:08  Probe (Chrono Boost)  
  19  1:20  Nexus  
  19  1:30  Cybernetics Core  
  19  1:34  Probe (Chrono Boost)  
  20  1:40  Assimilator  
  20  1:44  Probe (Chrono Boost)  
  21  1:50  Pylon  
  21  1:55  Probe (Chrono Boost)  
  22  2:09  Mothership Core (Chrono Boost)  
  22  2:14  Adept  
  26  2:17  Pylon  
  26  2:21  Warp Gate (Chrono Boost)  
  26  2:27  Probe (Chrono Boost)  
  27  2:32  Probe (Chrono Boost)  
  28  2:38  Probe (Chrono Boost)  
  28  2:43  Probe (Chrono Boost)  
  30  2:45  Adept  
  30  2:48  Probe (Chrono Boost)  
  33  2:53  Probe (Chrono Boost)  
  34  2:59  Probe (Chrono Boost)  
  34  3:04  Probe (Chrono Boost), Twilight Council  
  36  3:09  Probe (Chrono Boost)  
  37  3:14  Probe (Chrono Boost)  
  39  3:20  Probe (Chrono Boost)  
  39  3:21  Robotics Facility  
  39  3:25  Probe (Chrono Boost)  
  40  3:30  Probe (Chrono Boost)  
  41  3:35  Probe (Chrono Boost)  
  42  3:48  Gateway  
  42  3:49  Gateway  
  42  3:53  Probe  
  43  3:59  Probe  
  43  4:00  Pylon  
  44  4:06  Probe (Chrono Boost)  
  45  4:11  Probe (Chrono Boost)  
  46  4:17  Observer  
  46  4:18  Probe (Chrono Boost)  
  46  4:23  Gateway  
  48  4:26  Assimilator  
  48  4:28  Gateway  
  48  4:31  Assimilator  
  48  4:33  Probe  
  48  4:35  Pylon  
  49  4:39  Observer  
  50  4:49  Probe  
  51  5:01  Probe  
  51  5:03  Probe  
  53  5:08  Gateway x2  
  53  5:11  Gateway  
  53  5:15  Gateway  
Show
View Real Time Build Order
Export as new Build Order

lightis Protoss 

Build Orders:  

Get SALT Encoding   

  12  0:05  Probe (Chrono Boost)  
  13  0:16  Probe (Chrono Boost)  
  14  0:27  Probe (Chrono Boost)  
  15  0:34  Pylon  
  15  0:52  Probe (Chrono Boost)  
  15  0:55  Pylon  
  16  1:02  Gateway  
  16  1:03  Probe (Chrono Boost)  
  17  1:13  Probe (Chrono Boost)  
  17  1:14  Assimilator  
  18  1:20  Assimilator  
  18  1:24  Probe (Chrono Boost)  
  19  1:34  Probe (Chrono Boost)  
  20  1:51  Zealot  
  22  2:05  Forge  
  22  2:17  Cybernetics Core  
  22  2:18  Zealot  
  25  2:30  Probe (Chrono Boost)  
  25  2:40  Probe (Chrono Boost)  
  26  2:45  Zealot  
  26  2:51  Probe (Chrono Boost)  
  29  2:53  Pylon  
  29  3:01  Probe (Chrono Boost)  
  30  3:12  Zealot  
  32  3:16  Photon Cannon  
  32  3:17  Photon Cannon  
  32  3:19  Photon Cannon  
  32  3:23  Photon Cannon  
  31  3:39  Zealot  
  25  4:28  Pylon  
  17  4:55  Photon Cannon  
Tags
 
Matchup
PvP
Player
MCanning
Replay Pack
lotv replays
Add a new tag
Caveats
  • Supply blocks, unpowered buildings, or Contaminate may cause inaccurate times.
  • Supply counts are checked every 10 seconds.